 Dungeon Crawl Stone Soup version 0.29.1-1-gd02db6906a (webtiles) character file.

Game seed: 3473263220563005032

91 LustLizard the Trooper (level 4, -2/35 HPs)
             Began as a Demonspawn Fighter on Oct 4, 2022.
             Slain by an iguana (5 damage)
             ... on level 3 of the Dungeon.
             The game lasted 00:02:13 (2283 turns).

LustLizard the Trooper (Demonspawn Fighter)         Turns: 2283, Time: 00:02:14

Health: -2/35      AC:  7    Str: 16    XL:     4   Next: 34%
Magic:  4/4        EV: 13    Int:  9    God:
Gold:   226        SH:  5    Dex: 15    Spells: 3/3 levels left

rFire   . . .      SeeInvis .   a - +0 long sword
rCold   . . .      Faith    .   c - +0 buckler
rNeg    . . .      Spirit   .   b - +0 scale mail
rPois   .          Reflect  .   h - +0 helmet
rElec   .          Harm     .   (no cloak)
rCorr   .          Rampage  .   (no gloves)
Will    .....                   (no boots)
Stlth   ..........              (no amulet)
HPRegen 0.11/turn               (no ring)
MPRegen 0.09/turn               (no ring)

@: agile
A: claws 1, powered by pain 1
a: no special abilities


You were on level 3 of the Dungeon.
You visited 1 branch of the dungeon, and saw 3 of its levels.

You collected 226 gold pieces.

Inventory:

Hand Weapons
 a - a +0 long sword (weapon)
Armour
 b - a +0 scale mail (worn)
 c - a +0 buckler (worn)
 h - a +0 helmet (worn)
Scrolls
 e - 2 scrolls of fear {unknown}
 f - 2 scrolls of poison {unknown}
 i - a scroll of teleportation {unknown}
 l - 2 scrolls of torment
 m - a scroll of noise {unknown}
 o - a scroll of vulnerability {unknown}
 p - a scroll of enchant armour {unknown}
 q - 2 scrolls of butterflies {unknown}
 r - a scroll of magic mapping {unknown}
 t - a scroll of summoning {unknown}
 u - 3 scrolls of silence {unknown}
Potions
 d - a potion of might
 g - 2 potions of degeneration
 j - 2 potions of brilliance
 k - a potion of curing
 n - a potion of heal wounds
 s - a potion of mutation {unknown}


   Skills:
 + Level 3.5 Fighting
 * Level 3.0 Long Blades
 + Level 3.1 Armour
 + Level 3.2 Shields


You had 3 spell levels left.
You didn't know any spells.
Your spell library was empty.

Dungeon Overview and Level Annotations

Branches:
Dungeon (3/15)

Altars:


Innate Abilities, Weirdness & Mutations

You have sharp fingernails.
You sometimes gain a little power by taking damage.


Message History

The iguana bites you but does no damage.
You hit the iguana but do no damage.
The iguana is moderately wounded.
The iguana barely misses you. The iguana bites you.
You hit the iguana but do no damage.
The iguana is moderately wounded.
You block the iguana's attack.
You hit the iguana but do no damage.
The iguana is moderately wounded.
The iguana bites you.
You closely miss the iguana.
The iguana is moderately wounded.
The iguana bites you!
You focus on the pain.
You feel agile all of a sudden. The iguana bites you.
* * * LOW HITPOINT WARNING * * *
You hit the iguana but do no damage.
The iguana is moderately wounded.
You block the iguana's attack.
You closely miss the iguana.
The iguana is moderately wounded.
The iguana bites you.
* * * LOW HITPOINT WARNING * * *
You hit the iguana.
The iguana is heavily wounded.
The iguana completely misses you.
You barely miss the iguana.
The iguana is heavily wounded.
The iguana closely misses you. The iguana bites you.
* * * LOW HITPOINT WARNING * * *
You hit the iguana.
The iguana is severely wounded.
The iguana misses you.
You hit the iguana but do no damage.
The iguana is severely wounded.
The iguana misses you.
You completely miss the iguana.
The iguana is severely wounded.
The iguana bites you.
You die...

################
.......?........
#......@l......
######.########
### #..##
....##..#
#..##.## #.....#
####..## ####
##..######.
...###.........


You could see an iguana.

Vanquished Creatures
  An iguana (D:2)
  2 adders (D:2)
  A worm (D:2)
  2 dart slugs (D:1)
  2 endoplasms (D:2)
  2 goblins (D:1)
  2 hobgoblins (D:1)
  6 jackals
  4 kobolds
  2 quokkas (D:1)
  7 ball pythons
  7 bats
  2 frilled lizards
  2 rats (D:1)
42 creatures vanquished.

Notes
Turn   | Place    | Note
-------+----------+-------------------------------------------
     0 | D:1      | LustLizard the Demonspawn Fighter began the quest for the
                  | Orb.
     0 | D:1      | Reached XP level 1. HP: 18/18 MP: 1/1
   109 | D:1      | Gained mutation: You sometimes gain a little power by
                  | taking damage. [demonic ancestry]
   109 | D:1      | Reached XP level 2. HP: 19/24 MP: 2/2
   837 | D:2      | Gained mutation: You have sharp fingernails. [demonic
                  | ancestry]
   837 | D:2      | Reached XP level 3. HP: 29/29 MP: 3/3
  1612 | D:2      | Reached XP level 4. HP: 13/35 MP: 4/4
  2283 | D:3      | Slain by an iguana

Illustrated notes

Levels and vault maps discovered:
D:1:      tarquinn_simple_flora_water_e, layout_loops_cross
D:2:      layout_loops_ring, grunt_ministairs_3
D:3:      layout_rooms, corexii_leaking_fountain, minmay_tree_intersection

Skill      XL: |  1  2  3  4 |
---------------+-------------+-----
Long Blades    | 2 3 |  3.0
Shields        | 3 |  3.2
Armour         | 3 |  3.1
Fighting       | |  3.5

Action                   |  1- 3 |  4- 6 || total
-------------------------+-------+-------++-------
Melee: Long sword        |    92 |    26 ||   118
  Use: Scroll            |     1 |     4 ||     5
Armor: Scale mail        |    39 |     8 ||    47
Dodge: Dodged            |    43 |    11 ||    54
Block: Buckler           |    26 |     4 ||    30
